[ AOE2 MATCH · #505117745 ]
UnrankedCumans vs Jurchens
Player's team · LOSS
Rival team · WIN
[ REPLAY ANALYSIS · EXTRACTED FROM THE RECORDED GAME ]
Feudal
8:36
Castle
28:08
Imperial
—
| APM avg | 42.6 |
| APM peak | 83 |
| eAPM avg | 20.3 |
| Villagers / military | 101 / 70 |
Focus
⚔️ 27.3% · 🌾 72.7%
Knight ×33 · Skirmisher ×20 · Scout Cavalry ×10 · Spearman ×4 · Monk ×3
Feudal
10:14
Castle
21:58
Imperial
—
| APM avg | 28.4 |
| APM peak | 77 |
| eAPM avg | 17.0 |
| Villagers / military | 88 / 95 |
Focus
⚔️ 41.2% · 🌾 58.8%
Fire Lancer ×62 · Unknown (1908) ×29 · Unknown (1911) ×15 · Battering Ram ×8 · Spearman ×6 · Archer ×4
Match map
Initial resources + every placement click. Lines = walls · curves = elevation contours. ◆ gold · ⬟ stone · ● berries · ✦ relic · ◌ wall gap
Your base· Open — 2t gap
EXILE | Obi's base· Open — 3t gap
Smoothed initial terrain · ◌ = detected wall gap · hover for details
Inputs per minute
— T91 - - EXILE | Obi
Build order — T91
First 150 of 290 actions detected
| 0:01 | Queue | Villager (Male) |
| 0:02 | Queue | Villager (Male) |
| 0:02 | Queue | Villager (Male) |
| 0:02 | Queue | Villager (Male) |
| 0:02 | Queue | Villager (Male) |
| 0:04 | Build | House |
| 0:05 | Build | House |
| 1:37 | Queue | Villager (Male) |
| 2:07 | Queue | Villager (Male) |
| 2:22 | Build | Lumber Camp |
| 2:28 | Queue | Villager (Male) |
| 2:58 | Queue | Villager (Male) |
| 3:22 | Queue | Villager (Male) |
| 3:51 | Queue | Villager (Male) |
| 4:00 | Build | House |
| 4:11 | Queue | Villager (Male) |
| 4:41 | Queue | Villager (Male) |
| 4:58 | Queue | Villager (Male) |
| 5:33 | Queue | Villager (Male) |
| 5:36 | Research | Loom |
| 5:47 | Build | Mining Camp |
| 6:26 | Research | Feudal Age |
| 6:45 | Build | House |
| 7:05 | Build | House |
| 8:19 | Queue | Villager (Male) |
| 8:36 | Age | Feudal Age |
| 8:43 | Build | Town Center |
| 8:46 | Queue | Villager (Male) |
| 9:02 | Queue | Villager (Male) |
| 9:03 | Queue | Villager (Male) |
| 9:13 | Research | Double-Bit Axe |
| 9:24 | Build | Palisade Wall |
| 9:26 | Build | Palisade Wall |
| 9:27 | Build | Palisade Wall |
| 9:28 | Build | Palisade Wall |
| 9:30 | Build | Palisade Wall |
| 9:32 | Build | Palisade Wall |
| 9:37 | Build | Palisade Wall |
| 9:42 | Build | Palisade Wall |
| 9:48 | Build | Palisade Wall |
| 9:56 | Queue | Villager (Male) |
| 10:13 | Queue | Villager (Male) |
| 10:56 | Queue | Villager (Male) |
| 11:06 | Queue | Villager (Male) |
| 11:31 | Queue | Villager (Male) |
| 11:38 | Build | Barracks |
| 11:42 | Queue | Villager (Male) |
| 11:50 | Build | Mill |
| 11:58 | Queue | Villager (Male) |
| 12:22 | Queue | Villager (Male) |
| 12:27 | Build | Palisade Wall |
| 12:30 | Build | Archery Range |
| 12:37 | Build | Palisade Wall |
| 12:42 | Queue | Villager (Male) |
| 13:01 | Queue | Villager (Male) |
| 13:02 | Build | Farm |
| 13:05 | Build | Farm |
| 13:08 | Build | Blacksmith |
| 13:12 | Queue | Villager (Male) |
| 13:14 | Queue | Skirmisher |
| 13:14 | Queue | Skirmisher |
| 13:23 | Queue | Villager (Male) |
| 13:25 | Build | Farm |
| 13:42 | Build | Farm |
| 13:46 | Research | Horse Collar |
| 13:49 | Build | Farm |
| 13:57 | Build | House |
| 14:00 | Research | Fletching |
| 14:10 | Queue | Skirmisher |
| 14:20 | Queue | Villager (Male) |
| 14:24 | Queue | Skirmisher |
| 14:33 | Queue | Villager (Male) |
| 14:38 | Build | Archery Range |
| 14:45 | Queue | Skirmisher |
| 14:52 | Queue | Villager (Male) |
| 14:52 | Queue | Villager (Male) |
| 15:02 | Build | Stable |
| 15:10 | Queue | Villager (Male) |
| 15:23 | Queue | Villager (Male) |
| 15:29 | Queue | Skirmisher |
| 15:35 | Build | House |
| 15:36 | Queue | Scout Cavalry |
| 15:49 | Build | Farm |
| 15:54 | Queue | Skirmisher |
| 15:54 | Queue | Skirmisher |
| 15:56 | Queue | Skirmisher |
| 16:04 | Build | House |
| 16:13 | Build | Farm |
| 16:26 | Build | Farm |
| 16:34 | Build | Farm |
| 16:43 | Queue | Skirmisher |
| 16:50 | Queue | Villager (Male) |
| 16:54 | Build | House |
| 17:00 | Queue | Villager (Male) |
| 17:02 | Build | Farm |
| 17:03 | Build | Farm |
| 17:04 | Build | Farm |
| 17:07 | Build | Lumber Camp |
| 17:14 | Queue | Skirmisher |
| 17:35 | Build | House |
| 17:37 | Queue | Skirmisher |
| 17:40 | Queue | Villager (Male) |
| 17:41 | Build | Farm |
| 17:42 | Build | Farm |
| 17:49 | Queue | Scout Cavalry |
| 18:06 | Queue | Villager (Male) |
| 18:34 | Queue | Villager (Male) |
| 18:45 | Queue | Villager (Male) |
| 19:02 | Build | House |
| 19:22 | Queue | Villager (Male) |
| 19:22 | Queue | Villager (Male) |
| 19:25 | Build | House |
| 19:30 | Build | Farm |
| 19:35 | Build | Market |
| 19:40 | Queue | Skirmisher |
| 19:40 | Queue | Skirmisher |
| 19:59 | Build | Mining Camp |
| 20:00 | Queue | Villager (Male) |
| 20:23 | Queue | Scout Cavalry |
| 20:28 | Build | Farm |
| 20:29 | Build | Farm |
| 20:36 | Build | Farm |
| 20:37 | Build | Farm |
| 20:38 | Queue | Villager (Male) |
| 21:01 | Queue | Villager (Male) |
| 21:03 | Build | Farm |
| 21:04 | Build | Farm |
| 21:22 | Build | Stable |
| 21:24 | Build | House |
| 21:31 | Queue | Villager (Male) |
| 21:33 | Build | Farm |
| 21:35 | Queue | Villager (Male) |
| 21:47 | Queue | Villager (Male) |
| 21:52 | Build | Stable |
| 21:55 | Queue | Scout Cavalry |
| 21:59 | Research | Forging |
| 22:08 | Queue | Villager (Male) |
| 22:09 | Queue | Skirmisher |
| 22:10 | Queue | Skirmisher |
| 22:13 | Build | Farm |
| 22:15 | Build | Farm |
| 22:23 | Queue | Villager (Male) |
| 22:25 | Build | Farm |
| 22:26 | Build | Farm |
| 22:28 | Build | House |
| 22:40 | Queue | Scout Cavalry |
| 22:44 | Queue | Skirmisher |
| 22:46 | Queue | Skirmisher |
| 22:51 | Build | House |
| 22:53 | Build | House |
Build order — EXILE | Obi
First 150 of 297 actions detected
| 0:01 | Queue | Villager (Male) |
| 0:01 | Queue | Villager (Male) |
| 0:02 | Build | House |
| 0:05 | Build | House |
| 0:05 | Queue | Villager (Male) |
| 0:06 | Queue | Villager (Male) |
| 1:19 | Queue | Villager (Male) |
| 1:19 | Queue | Villager (Male) |
| 2:11 | Queue | Villager (Male) |
| 2:12 | Queue | Villager (Male) |
| 2:12 | Queue | Villager (Male) |
| 2:55 | Queue | Villager (Male) |
| 2:55 | Queue | Villager (Male) |
| 3:27 | Queue | Villager (Male) |
| 3:28 | Queue | Villager (Male) |
| 3:33 | Build | Barracks |
| 3:36 | Build | House |
| 4:26 | Queue | Villager (Male) |
| 4:27 | Queue | Villager (Male) |
| 5:09 | Queue | Villager (Male) |
| 5:18 | Queue | Militia |
| 5:18 | Queue | Militia |
| 5:19 | Queue | Militia |
| 5:19 | Queue | Militia |
| 5:39 | Queue | Villager (Male) |
| 5:45 | Build | House |
| 6:02 | Build | Lumber Camp |
| 6:05 | Queue | Villager (Male) |
| 6:37 | Queue | Villager (Male) |
| 7:03 | Queue | Villager (Male) |
| 7:08 | Build | House |
| 7:39 | Research | Loom |
| 8:01 | Research | Feudal Age |
| 8:06 | Build | Mining Camp |
| 10:14 | Queue | Villager (Male) |
| 10:14 | Age | Feudal Age |
| 10:20 | Build | Archery Range |
| 10:24 | Queue | Spearman |
| 10:25 | Queue | Spearman |
| 10:41 | Queue | Spearman |
| 10:42 | Queue | Villager (Male) |
| 10:46 | Build | Blacksmith |
| 10:49 | Research | Double-Bit Axe |
| 10:50 | Queue | Villager (Male) |
| 11:11 | Build | House |
| 11:22 | Queue | Villager (Male) |
| 11:43 | Queue | Villager (Male) |
| 11:51 | Research | Fletching |
| 11:53 | Queue | Villager (Male) |
| 12:10 | Build | Watch Tower |
| 12:14 | Queue | Villager (Male) |
| 12:26 | Build | Mining Camp |
| 12:36 | Queue | Archer |
| 12:37 | Queue | Archer |
| 12:43 | Queue | Villager (Male) |
| 12:55 | Build | House |
| 13:02 | Queue | Archer |
| 13:11 | Queue | Villager (Male) |
| 13:25 | Queue | Archer |
| 13:41 | Build | House |
| 13:48 | Build | Mill |
| 14:10 | Build | House |
| 14:55 | Build | House |
| 15:01 | Queue | Villager (Male) |
| 15:03 | Build | Farm |
| 15:03 | Build | Farm |
| 15:04 | Build | Farm |
| 15:04 | Build | Farm |
| 15:04 | Build | Farm |
| 15:05 | Build | Farm |
| 15:05 | Build | Farm |
| 15:05 | Build | Farm |
| 15:05 | Build | Farm |
| 15:06 | Build | Farm |
| 15:13 | Build | Watch Tower |
| 15:19 | Queue | Skirmisher |
| 15:20 | Queue | Skirmisher |
| 15:59 | Queue | Villager (Male) |
| 16:01 | Build | Farm |
| 16:04 | Queue | Villager (Male) |
| 16:24 | Queue | Villager (Male) |
| 16:26 | Build | Farm |
| 16:27 | Build | Farm |
| 16:59 | Queue | Villager (Male) |
| 17:02 | Queue | Spearman |
| 17:05 | Build | Palisade Wall |
| 17:08 | Build | Palisade Wall |
| 17:41 | Queue | Villager (Male) |
| 17:47 | Build | Market |
| 18:29 | Queue | Villager (Male) |
| 18:34 | Build | Farm |
| 18:35 | Build | Farm |
| 18:52 | Build | Palisade Wall |
| 18:55 | Build | Watch Tower |
| 19:02 | Build | House |
| 19:06 | Build | House |
| 19:11 | Build | Palisade Wall |
| 19:18 | Research | Castle Age |
| 19:24 | Build | Stable |
| 19:58 | Build | Stable |
| 20:08 | Research | Scale Barding Armor |
| 20:11 | Queue | Villager (Male) |
| 20:15 | Build | Lumber Camp |
| 20:43 | Research | Bloodlines |
| 20:49 | Build | Farm |
| 21:20 | Queue | Scout Cavalry |
| 21:21 | Queue | Scout Cavalry |
| 21:28 | Research | Horse Collar |
| 21:44 | Research | Forging |
| 21:46 | Queue | Villager (Male) |
| 21:46 | Queue | Villager (Male) |
| 21:58 | Age | Castle Age |
| 22:00 | Queue | Steppe Lancer |
| 22:01 | Queue | Steppe Lancer |
| 22:24 | Queue | Steppe Lancer |
| 22:24 | Queue | Steppe Lancer |
| 23:19 | Queue | Scout Cavalry |
| 23:19 | Queue | Scout Cavalry |
| 23:37 | Queue | Villager (Male) |
| 23:40 | Queue | Villager (Male) |
| 24:02 | Research | Light Cavalry (upgrade) |
| 24:13 | Build | Castle |
| 24:18 | Queue | Unit 1911 |
| 24:18 | Queue | Unit 1911 |
| 24:23 | Queue | Villager (Male) |
| 24:29 | Queue | Villager (Male) |
| 24:47 | Queue | Unit 1911 |
| 24:47 | Queue | Unit 1911 |
| 25:31 | Queue | Unit 1911 |
| 25:31 | Queue | Unit 1911 |
| 25:39 | Build | Siege Workshop |
| 25:41 | Queue | Villager (Male) |
| 25:41 | Queue | Villager (Male) |
| 26:13 | Queue | Villager (Male) |
| 26:15 | Queue | Villager (Male) |
| 26:47 | Build | Mining Camp |
| 26:49 | Queue | Villager (Male) |
| 27:06 | Queue | Battering Ram |
| 27:11 | Queue | Unit 1908 |
| 27:14 | Queue | Villager (Male) |
| 27:15 | Queue | Villager (Male) |
| 27:31 | Queue | Unit 1911 |
| 27:32 | Queue | Unit 1911 |
| 27:32 | Queue | Unit 1911 |
| 27:49 | Queue | Unit 1908 |
| 27:49 | Queue | Unit 1908 |
| 27:49 | Queue | Unit 1908 |
| 27:53 | Queue | Villager (Male) |
| 27:53 | Queue | Villager (Male) |
| 28:13 | Queue | Villager (Male) |
Match timeline
| 3:33 | EXILE | Obi · first_building Barracks |
| 8:36 | T91 · age_up feudal |
| 9:24 | T91 · wall_segment Palisade Wall x1 |
| 9:26 | T91 · wall_segment Palisade Wall x1 |
| 9:27 | T91 · wall_segment Palisade Wall x1 |
| 9:28 | T91 · wall_segment Palisade Wall x1 |
| 9:30 | T91 · wall_segment Palisade Wall x1 |
| 9:32 | T91 · wall_segment Palisade Wall x1 |
| 9:37 | T91 · wall_segment Palisade Wall x1 |
| 9:42 | T91 · wall_segment Palisade Wall x1 |
| 9:48 | T91 · wall_segment Palisade Wall x1 |
| 10:14 | EXILE | Obi · age_up feudal |
| 10:20 | EXILE | Obi · first_building Archery Range |
| 11:38 | T91 · first_building Barracks |
| 12:27 | T91 · wall_segment Palisade Wall x1 |
| 12:30 | T91 · first_building Archery Range |
| 12:37 | T91 · wall_segment Palisade Wall x1 |
| 15:02 | T91 · first_building Stable |
| 17:05 | EXILE | Obi · wall_segment Palisade Wall x1 |
| 17:08 | EXILE | Obi · wall_segment Palisade Wall x1 |
| 18:52 | EXILE | Obi · wall_segment Palisade Wall x1 |
| 19:11 | EXILE | Obi · wall_segment Palisade Wall x1 |
| 19:24 | EXILE | Obi · first_building Stable |
| 21:58 | EXILE | Obi · age_up castle |
| 22:45 | EXILE | Obi · first_market_buy 100 stone |
| 23:24 | T91 · wall_segment Palisade Wall x1 |
| 23:39 | T91 · wall_segment Palisade Wall x1 |
| 23:44 | EXILE | Obi · first_market_sell 100 wood |
| 24:13 | EXILE | Obi · first_building Castle |
| 25:20 | T91 · first_market_buy 100 food |
| 25:22 | T91 · first_market_sell 100 wood |
| 25:39 | EXILE | Obi · first_building Siege Workshop |
| 28:08 | T91 · age_up castle |
| 30:58 | EXILE | Obi · wall_segment Palisade Wall x1 |
| 36:44 | T91 · wall_segment Palisade Wall x1 |
| 36:46 | T91 · wall_segment Palisade Wall x1 |
| 37:30 | T91 · first_building Monastery |
| 41:46 | T91 · resign |
[ AI ANALYSIS · 1 CREDIT ]
What really happened in this match?
Wolo.gg analyzes every decision: build order, eco, micro, common mistakes by bracket. Personalized analysis on WhatsApp or Discord in 30 seconds.
Civ guide
Cumans
Perfil
Jugador #2921914